 Dungeon Crawl Stone Soup version 0.21.0-3-g78d12a8 (webtiles) character file.

1508 Wehk the Jinx (level 8, -1/52 HPs)
             Began as a Vampire Enchanter on Jan 10, 2018.
             Was a Follower of Hepliaklqana.
             Slain by a killer bee (5 damage)
             ... on level 7 of the Dungeon.
             The game lasted 00:25:42 (6188 turns).

Wehk the Jinx (Vampire Enchanter)                   Turns: 6188, Time: 00:25:43

Health: -1/52      AC:  3    Str:  8    XL:     8   Next: 53%
Magic:  6/12       EV: 15    Int: 18    God:    Hepliaklqana [*.....]
Gold:   234        SH:  0    Dex: 15    Spells: 4/13 levels left

rFire    . . .     SeeInvis +   w - +0 dagger (venom)
rCold    . . .     Gourm    .   (no shield)
rNeg     + . .     Faith    .   b - +0 robe
rPois    .         Spirit   .   (no helmet)
rElec    .         Reflect  .   n - +0 cloak
rCorr    .         Harm     .   (no gloves)
MR       .....                  (no boots)
Stlth    +++++.....             (no amulet)
HPRegen  0.17/turn              v - ring of stealth
MPRegen  0.13/turn              (no ring)

@: no status effects
A: reduced essence, fangs 3, see invisible, unbreathing
a: Bat Form, Recall Ancestor, Ancestor Identity, Renounce Religion


You were on level 7 of the Dungeon.
You worshipped Hepliaklqana.
Hepliaklqana was aware of your devotion.
You were not thirsty.

You visited 2 branches of the dungeon, and saw 8 of its levels.

You collected 314 gold pieces.
You spent 80 gold pieces at shops.

Inventory:

Hand Weapons
 e - a +0 hunting sling
 q - a +1 rapier of speed
 w - a +0 dagger of venom (weapon)
Missiles
 d - a throwing net
 j - 100 stones
 o - 2 silver tomahawks (quivered)
 s - 8 poisoned needles
 t - 23 sling bullets
Armour
 b - a +0 robe (worn)
 n - a +0 cloak (worn)
 r - the cursed +0 shield "Ylo Bips" {+Blink MR+, unknown}
   (You found it on level 5 of the Dungeon)

   It affects your resistance to hostile enchantments.
   It lets you blink.
   It has a curse placed upon it.
 y - a +0 buckler
Jewellery
 v - a ring of stealth (left hand)
Scrolls
 a - 3 scrolls of enchant weapon
 f - 2 scrolls of blinking
 g - a scroll of enchant armour {unknown}
 h - 5 scrolls of remove curse
 i - 6 scrolls of teleportation
 m - 3 scrolls of amnesia
 z - a scroll of fear {unknown}
 D - a scroll of magic mapping {unknown}
Potions
 k - a potion of haste
 l - a potion of curing
 x - 2 potions of lignification
 A - 3 potions of invisibility
 C - a potion of heal wounds
 E - 2 potions of berserk rage
Books
 c - a book of Maledictions

   Spells                             Type                      Level
   a - Corona                         Hexes                        1
   b - Ensorcelled Hibernation        Hexes/Ice                    2
   c - Confuse                        Hexes                        3
   d - Tukima's Dance                 Hexes                        3
   e - Dazzling Spray                 Conjuration/Hexes            3
 p - a book of Misfortune

   Spells                             Type                      Level
   a - Confusing Touch                Hexes                        1
   b - Confuse                        Hexes                        3
   c - Gell's Gravitas                Translocation                3
   d - Petrify                        Transmutation/Earth          4
   e - Metabolic Englaciation         Hexes/Ice                    5
   f - Yara's Violent Unravelling     Hexes/Transmutation          5


   Skills:
 - Level 3.2 Fighting
 - Level 4.2 Short Blades
 - Level 5.5 Dodging
 - Level 8.0 Stealth
 + Level 2.6 Shields
 - Level 3.1 Spellcasting
 - Level 8.2 Hexes
 - Level 1.0 Ice Magic


You had 4 spell levels left.
You knew the following spells:

 Your Spells              Type           Power        Failure   Level  Hunger
a - Ensorcelled Hibernat  Hex/Ice        ###...       3%          2    ##.....
c - Confuse               Hex            ####....     1%          3    ###....
d - Tukima's Dance        Hex            ####....     1%          3    ###....
C - Corona                Hex            ####...      1%          1    None


Dungeon Overview and Level Annotations

Branches:
Dungeon (7/15)             Temple (1/1) D:6

Altars:
Ashenzari
Dithmenos
Elyvilon
Hepliaklqana
Kikubaaqudgha
Sif Muna
Vehumet
Yredelemnul

Shops:
D:4 [   D:7 *[!

Annotations:
D:3 exclusion: downstairs
D:4 exclusions: downstairs and 1 more exclusion


Innate Abilities, Weirdness & Mutations

You have razor-sharp teeth.
You have supernaturally acute eyesight. (SInv)
You can survive without breathing.
Your life essence is reduced to manifest your ancestor. (-10% HP)


Message History

Confirm with . or Enter, or press ? or * to list all spells.
Aiming: Ensorcelled Hibernation
Press: ? - help, Shift-Dir - straight line, f - killer bee
Aim: a killer bee (moderately wounded, chance to defeat MR: 58%)
The killer bee resists with significant effort.
The killer bee stings you but does no damage.
The killer bee misses you.
Press: ? - help, v - describe, . - travel
Here: a killer bee (moderately wounded)
The floor.
Casting: Ensorcelled Hibernation
Confirm with . or Enter, or press ? or * to list all spells.
Aiming: Ensorcelled Hibernation
Press: ? - help, Shift-Dir - straight line, f/p - killer bee
Aim: a killer bee (moderately wounded, chance to defeat MR: 58%)
The killer bee resists with significant effort.
The killer bee stings you.
* * * LOW HITPOINT WARNING * * *
Zulul hits the killer bee!
The killer bee stings you.
You die...

#....#####..######.# ######
#..# #.# #..# #.# #..# #<#
#..# #.# #..######.#
#...<.....# #######...#
#..@#.#.##### #..yR.......#
##...#.#.##### ##
##...##.#.#
##.#####...###R#.#
..>..............#
#.#.#.......#.#.#
#.#.#.........#.############
#..∩...............)........


You could see the friendly Zulul the ancestor and a killer bee.

Vanquished Creatures
  A dancing weapon (D:6)
  An orc warrior (D:6)
  An ice beast (D:7)
  2 phantoms
  A sky beast (D:7)
  A big kobold (D:7)
  2 bullfrogs
  A scorpion (D:7)
  A killer bee (D:7)
  A howler monkey (D:4)
  2 hounds
  2 orc priests
  An iguana (D:4)
  3 orc wizards
  A worker ant (D:4)
  A hound zombie (D:5)
  An ancestor (D:6)
  3 gnolls (D:7)
  A howler monkey skeleton (D:6)
  8 adders
  A shadow imp (D:7)
  An ooze (D:1)
  An adder skeleton (D:7)
  A worm (D:2)
  2 dart slugs (D:2)
  2 leopard geckos
  10 orcs
  4 giant cockroaches
  3 goblins
  5 hobgoblins
  10 jackals
  A quokka (D:2)
  A ball python (D:5)
  9 bats
  4 frilled lizards
  8 kobolds
  8 rats
106 creatures vanquished.

Vanquished Creatures (collateral kills)
  An ice beast (D:5)
  A bullfrog (D:7)
  A killer bee (D:7)
  An orc wizard (D:6)
  A worker ant zombie (D:7)
  A gnoll (D:7)
  A shadow imp (D:7)
  An orc (D:7)
  A kobold (D:7)
  A spectral orc (D:7)
10 creatures vanquished.

Vanquished Creatures (others)
  A dancing weapon (D:7)
  2 ancestors (D:7)
3 creatures vanquished.

Grand Total: 119 creatures vanquished

Notes
Turn   | Place    | Note
-------+----------+-------------------------------------------
     0 | D:1      | Wehk the Vampire Enchanter began the quest for the Orb.
     0 | D:1      | Reached XP level 1. HP: 13/13 MP: 3/3
   103 | D:1      | Reached skill level 5 in Stealth
   150 | D:1      | Reached XP level 2. HP: 19/19 MP: 5/5
   161 | D:1      | Learned a level 2 spell: Ensorcelled Hibernation
   758 | D:2      | Found a radiant altar of Vehumet.
   942 | D:2      | Reached XP level 3. HP: 18/24 MP: 3/7
  1691 | D:2      | Reached skill level 1 in Fighting
  1796 | D:3      | Reached XP level 4. HP: 31/32 MP: 6/8
  2207 | D:3      | Found a white marble altar of Elyvilon.
  2294 | D:3      | Learned a level 3 spell: Confuse
  2298 | D:3      | Learned a level 3 spell: Tukima's Dance
  2368 | D:3      | Reached skill level 1 in Ice Magic
  2639 | D:4      | Reached skill level 5 in Hexes
  2639 | D:4      | Reached XP level 5. HP: 36/37 MP: 2/9
  3071 | D:4      | Found Ihafiam's Armour Shoppe.
  3140 | D:4      | Found a deep blue altar of Sif Muna.
  3426 | D:5      | Entered Level 5 of the Dungeon
  3447 | D:5      | Noticed an ice beast
  3457 | D:5      | Noticed a phantom
  3679 | D:5      | Found a basalt altar of Yredelemnul.
  3772 | D:5      | Killed a phantom
  3772 | D:5      | Reached XP level 6. HP: 21/43 MP: 3/10
  3896 | D:5      | Found a hazy altar of Hepliaklqana.
  3899 | D:5      | Became a worshipper of Hepliaklqana the Forgotten
  3943 | D:5      | Got a transparent shield
  3963 | D:5      | Found an ancient bone altar of Kikubaaqudgha.
  4051 | D:5      | Killed an ice beast
  4374 | D:6      | Found a staircase to the Ecumenical Temple.
  4381 | Temple   | Entered the Ecumenical Temple
  4559 | D:6      | Noticed an orc warrior
  4564 | D:6      | Reached XP level 7. HP: 33/45 MP: 8/11
  4921 | D:6      | Found a shattered altar of Ashenzari.
  4993 | D:6      | Reached * piety under Hepliaklqana
  5053 | D:7      | Found Kaepeedo's General Store.
  5053 | D:7      | Found Yrro's Antique Armour Emporium.
  5223 | D:7      | Found Xifoew's Distillery.
  5228 | D:7      | Bought a potion of curing for 36 gold pieces
  5360 | D:7      | Reached XP level 8. HP: 34/52 MP: 2/12
  5608 | D:7      | Reached skill level 5 in Dodging
  5861 | D:7      | Found a shadowy altar of Dithmenos.
  5939 | D:7      | Found a basalt altar of Yredelemnul.
  6046 | D:7      | Reached skill level 1 in Shields
  6151 | D:7      | Bought a scroll of identify for 22 gold pieces
  6151 | D:7      | Bought a scroll of identify for 22 gold pieces
  6188 | D:7      | Slain by a killer bee

Skill      XL: |  1  2  3  4  5  6  7  8 |
---------------+-------------------------+-----
Stealth        | 5 8 |  8.0
Spellcasting   | 3 |  3.1
Fighting       | 1 2 3 |  3.2
Short Blades   | 2 3 4 |  4.2
Ice Magic      | 1 |  1.0
Hexes          | 5 8 |  8.2
Dodging        | 3 5 |  5.5
Shields        | 2 |  2.6

Action                   |  1- 3 |  4- 6 |  7- 9 || total
-------------------------+-------+-------+-------++-------
Melee: Dagger            |    65 |   114 |    65 ||   244
       Bite              |     5 |    10 |    11 ||    26
       Rapier            |       |    16 |    44 ||    60
 Fire: Hunting sling     |    11 |    14 |     1 ||    26
Throw: Tomahawk          |       |     6 |     2 ||     8
 Cast: Corona            |     2 |       |       ||     2
       Ensorcelled Hiber |    25 |    43 |    33 ||   101
       Confuse           |       |    10 |     9 ||    19
       Tukima's Dance    |       |       |     4 ||     4
Invok: Ancestor Identity |       |     1 |       ||     1
  Use: Scroll            |     1 |     7 |     3 ||    11
       Potion            |       |     4 |     3 ||     7
 Stab: Sleeping          |    29 |    26 |    13 ||    68
       Confused          |       |     5 |     3 ||     8
       Distracted        |       |       |     1 ||     1
  Eat: Corpse            |    12 |    17 |     8 ||    37
Armor: Robe              |    12 |    16 |    13 ||    41
Dodge: Dodged            |    42 |    68 |    92 ||   202
